AoeStats
← DolfCZ

Arena

504284583Analyzed
1v1 RM · 26d ago on Sep 4, 2026· 38m 3s· 2 players
Game mode
Random Map
Map size
Tiny (2 player)
Population
200
Speed
Normal
Resources
Standard
Victory
Conquest
Starting age
Dark Age
Ending age
Imperial Age
RankedLock teamsTeams togetherTeam positionsShared explorationLock speedFull tech treeHidden civsTurbo modeCheats
Victory
Defeat
🇦🇷 Bengalis · Argentina
1495
+15
🇨🇿 Bohemians · Czechia
1476
-15
DolfCZ
12:44 Feudal Age
13:34 Double-Bit Axe
16:50 Castle Age
14:55 Horse Collar
15:36 Fletching
18:00 Bow Saw
18:00 Bodkin Arrow
18:14 Crossbowman
21:18 Ballistics
22:03 Fervor
25:35 Wheelbarrow
26:32 Heavy Plow
26:45 Loom
30:10 Imperial Age
28:20 Padded Archer Armor
30:07 Chemistry
30:35 Leather Archer Armor
31:26 Bracer
30:49 Arbalester
34:07 Conscription
34:57 Two-Man Saw
34:55 Hand Cart
36:26 Siege Engineers
Pororoca
10:24 Feudal Age
15:28 Castle Age
13:23 Double-Bit Axe
15:15 Horse Collar
15:23 Loom
16:07 Light Cavalry
24:56 Bow Saw
24:33 Loom
25:23 Wheelbarrow
24:34 Town Watch
29:21 Imperial Age
27:48 Heavy Plow
28:05 Hand Cart
27:51 Town Patrol
28:48 Bloodlines
28:38 Husbandry
29:21 Fletching
29:32 Padded Archer Armor
30:16 Ballistics
31:03 Chemistry
30:01 Bodkin Arrow
31:23 Bracer
32:27 Stone Mining
32:27 Gold Mining
33:39 Two-Man Saw
32:53 Elite Elephant Archer
34:19 Leather Archer Armor
36:14 Scale Barding Armor
Connection lost

Rejoining the realm…

Still unreachable

The connection could not be restored.

Session expired

The server has moved on; the page needs a fresh start.